 Dungeon Crawl Stone Soup version 0.18.1-6-gd335043 (webtiles) character file.

231 Gingerlord the Skirmisher (level 6, -3/49 HPs)
             Began as a Formicid Abyssal Knight on May 18, 2016.
             Was a Priest of Lugonu.
             Killed by divine providence
             ... invoked by an orc priest
              (10 damage)
             ... on level 3 of the Dungeon.
             The game lasted 00:04:58 (3139 turns).

Gingerlord the Skirmisher (Formicid Abyssal Knight) Turns: 3139, Time: 00:05:00

Health: -3/49      AC:  9    Str: 22    XL:     6   Next: 24%
Magic:  8/8        EV:  8    Int: 11    God:    Lugonu [***...]
Gold:   131        SH:  0    Dex: 12    Spells: 0 memorised, 5 levels left

rFire  x . .     SeeInvis +     a - +1 falchion
rCold  + . .     Gourm    .     l - +0 chain mail
rNeg   . . .     Faith    .     (no shield)
rPois  .         Spirit   .     (helmet unavailable)
rElec  .         Dismiss  .     (no cloak)
rCorr  .         Reflect  .     (no gloves)
SustAt .         Harm     .     (no boots)
MR     .....                    (no amulet)
Stlth  ..........               v - +5 ring of strength
                                u - ring of ice

@: not resistant to hostile enchantments, extremely unstealthy
A: permanent stasis, dig shafts and tunnels, four strong arms, antennae 3
a: Dig, Shaft Self, Depart the Abyss, Bend Space, Banish, Renounce Religion


You were on level 3 of the Dungeon.
You worshipped Lugonu.
Lugonu was most pleased with you.
You were hungry.

You visited 1 branch of the dungeon, and saw 3 of its levels.
You visited the Abyss 1 time.

You collected 131 gold pieces.

Inventory:

Hand Weapons
 a - a +1 falchion (weapon)
Armour
 l - a +0 chain mail (worn)
Jewellery
 u - a ring of ice (left hand)
 v - a +5 ring of strength (right hand)
Scrolls
 b - 2 scrolls of blinking {unknown}
 m - a scroll of amnesia {unknown}
 o - a scroll of noise {unknown}
 p - a scroll of recharging {unknown}
 q - a scroll of enchant armour {unknown}
 r - 3 scrolls of teleportation {unknown}
 s - a scroll of fog {unknown}
 t - a scroll of fear {unknown}
Potions
 d - a potion of resistance {unknown}
 e - a potion of agility {unknown}
 f - a potion of berserk rage {unknown}
 g - 2 potions of curing {unknown}
 h - a potion of invisibility {unknown}
 k - a potion of heal wounds {unknown}
 n - a potion of might
 w - 2 potions of lignification {unknown}
Comestibles
 c - 5 bread rations
 i - 3 fruits
 j - 4 meat rations


   Skills:
 + Level 4.4 Fighting
 + Level 3.0 Long Blades
 + Level 3.7 Armour
 + Level 2.1 Dodging
 + Level 3.6 Invocations


You had 5 spell levels left.
You didn't know any spells.

Dungeon Overview and Level Annotations

Branches:
Dungeon (3/15)

Altars:
Kikubaaqudgha
Ru
Sif Muna
Vehumet


Innate Abilities, Weirdness & Mutations

You are under a permanent stasis effect.
You can dig through walls and to a lower floor.
Your four strong arms can wield two-handed weapons with a shield.
You have a pair of large antennae on your head (SInv).


Message History

Unknown command.
The orc priest invokes the aid of Beogh against you.
Beogh smites you!
Things that are here:
a hand axe; an orc corpse You see here a rat corpse.
You extend your mandibles.
You dig through the rock wall.
You dig through the rock wall.
The orc priest hits you but does no damage.
Unknown command.
You retract your mandibles.
The orc priest mumbles some strange prayers to Beogh against you.
Pain shoots through your body!
* * * LOW HITPOINT WARNING * * *
You hit the orc priest.
The orc priest is moderately wounded.
The orc priest mumbles some strange prayers to Beogh against you.
Beogh smites you!
You die...

#...#####.## #8...##
#...# ##.####...8#
#...#########8##.##.
#...).....##...#..#.
#...#####.##_....⌠.)
#.o.....# ##...#....
#)#{###.#.###8##.#..
#.#.##.##.##.#.###
#...##
#......o@.....%..##8.:.#
#.#.##.#####.#.#.###._.8
.. #.# #.......#######
#. #.. ....#.#..# ..
#.............. #
#...##.## .#.## .... #.
## .# ... #${ . .. ##


You could see an orc priest.

Vanquished Creatures
  A hound (D:3)
  An orc priest (D:3)
  Ijyb (D:3)
  Terence (D:3)
  Robin (D:3)
  2 adders
  A dart slug (D:1)
  5 giant geckos
  6 orcs (D:3)
  5 giant cockroaches
  16 goblins
  9 hobgoblins
  3 jackals (D:3)
  4 kobolds
  2 quokkas (D:2)
  6 bats
  5 giant newts
  9 rats
78 creatures vanquished.

Notes
Turn   | Place    | Note
--------------------------------------------------------------
     0 | Abyss:1  | Gingerlord the Formicid Abyssal Knight began the quest for the Orb.
     0 | Abyss:1  | Reached XP level 1. HP: 18/18 MP: 2/2
    36 | Abyss:1  | Noticed a shock serpent zombie
    42 | D:1      | Escaped the Abyss
   342 | D:1      | Reached * piety under Lugonu
   350 | D:1      | Reached XP level 2. HP: 8/24 MP: 3/3
   575 | D:1      | Reached skill level 1 in Dodging
   986 | D:1      | Reached XP level 3. HP: 24/29 MP: 4/4
  1721 | D:2      | Found a faded altar to an unknown god.
  1728 | D:2      | Reached XP level 4. HP: 37/37 MP: 6/6
  1755 | D:2      | Reached ** piety under Lugonu
  2113 | D:2      | Found a sacrificial altar of Ru.
  2278 | D:3      | Noticed Ijyb
  2282 | D:3      | Reached skill level 4 in Fighting
  2283 | D:3      | Noticed Robin
  2299 | D:3      | Killed Ijyb
  2300 | D:3      | Reached XP level 5. HP: 25/42 MP: 7/7
  2534 | D:3      | Killed Robin
  2874 | D:3      | Reached *** piety under Lugonu
  2899 | D:3      | Found an ancient bone altar of Kikubaaqudgha.
  2899 | D:3      | Found a radiant altar of Vehumet.
  2900 | D:3      | Noticed Terence
  2900 | D:3      | Found a deep blue altar of Sif Muna.
  2918 | D:3      | Killed Terence
  2918 | D:3      | Reached XP level 6. HP: 24/49 MP: 8/8
  3139 | D:3      | Killed from afar by an orc priest

Skill      XL: |  1  2  3  4  5  6 |
---------------+-------------------+-----
Dodging        | 1 2 |  2.1
Armour         | 3 |  3.7
Fighting       | 4 |  4.4
Invocations    | 3 |  3.6
Long Blades    | 3 |  3.0

Action                   |  1- 3 |  4- 6 || total
-------------------------+-------+-------++-------
Melee: Falchion          |    93 |   183 ||   276
Invok: Depart the Abyss  |     1 |       ||     1
 Abil: Dig               |       |     1 ||     1
  Eat: Chunk             |     3 |     4 ||     7
Armor: Leather armour    |    19 |       ||    19
       Chain mail        |    31 |   140 ||   171
Dodge: Dodged            |    57 |   105 ||   162
